 Dungeon Crawl Stone Soup version 0.25.1-2-g60ff931df9 (webtiles) character file.

Game seed: 9850291557883034107

344 Curus the Chopper (level 6, -8/51 HPs)
             Began as a Hill Orc Abyssal Knight on Nov 4, 2020.
             Was a Believer of Lugonu.
             Shot with an arrow by a centaur (11 damage)
             ... on level 3 of the Dungeon.
             The game lasted 00:09:02 (3013 turns).

Curus the Chopper (Hill Orc Abyssal Knight)         Turns: 3013, Time: 00:09:03

Health: -8/51      AC: 10    Str: 15    XL:     6   Next: 58%
Magic:  10/10      EV:  4    Int: 18    God:    Lugonu [**....]
Gold:   80         SH:  0    Dex: 12    Spells: 5/5 levels left

rFire    . . .     SeeInvis .   k - +0 war axe
rCold    . . .     Gourm    .   (no shield)
rNeg     . . .     Faith    .   i - +0 plate armour
rPois    .         Spirit   .   (no helmet)
rElec    .         Reflect  .   (no cloak)
rCorr    +         Harm     .   (no gloves)
MR       .....                  (no boots)
Stlth    ..........             (no amulet)
HPRegen  0.17/turn              g - ring of resist corrosion
MPRegen  0.12/turn              j - +6 ring of intelligence

@: no status effects
A: no striking features
a: Depart the Abyss, Bend Space, Renounce Religion


You were on level 3 of the Dungeon.
You worshipped Lugonu.
Lugonu was pleased with you.
You were very hungry.

You visited 1 branch of the dungeon, and saw 3 of its levels.
You visited the Abyss 1 time.

You collected 80 gold pieces.

Inventory:

Hand Weapons
 a - a +1 hand axe
 k - a +0 war axe (weapon)
Armour
 b - a +1 leather armour
 d - a +0 ring mail
 e - a +0 chain mail
 i - a +0 plate armour (worn)
Jewellery
 g - a ring of resist corrosion (left hand)
 j - a +6 ring of intelligence (right hand)
Wands
 l - a wand of flame (11)
Scrolls
 h - 5 scrolls of identify
Comestibles
 c - 2 rations


   Skills:
 - Level 3.6 Fighting
 + Level 6.5 Axes
 - Level 2.1 Armour
 - Level 0.7 Dodging
 + Level 6.4 Invocations


You had 5 spell levels left.
You didn't know any spells.
Your spell library was empty.

Dungeon Overview and Level Annotations

Branches:
Dungeon (3/15)

Altars:
Ashenzari
Makhleb
Nemelex Xobeh
Xom


Message History

The centaur hits you.
The ball python bites you but does no damage.
The ball python constricts you.
You hit the centaur but do no damage.
The centaur is heavily wounded.
You slash the ball python!
You kill the ball python!
Lugonu accepts your kill. The bat hits you but does no damage.
The centaur hits you.
* * * LOW HITPOINT WARNING * * *
The centaur hits you!
* * * LOW HITPOINT WARNING * * *
The bat hits you but does no damage.
You see here a kobold corpse.
You barely miss the bat. The bat hits you but does no damage.
The centaur wields a +0 shortbow.
The centaur shoots an arrow.
The arrow hits you.
* * * LOW HITPOINT WARNING * * *
The centaur shoots an arrow.
The arrow hits you!
You die...

#.........###..########..# ##
#.............#######....###.
#.......#...........#........
#######.####(............###.
#.####......#.#....# #.
#..(((.....#..#........
######(....#. #........
#.....# #....####
#@#............
#.###.###..... #..bc# #
##.... ....... ........<
...##....... ... #........ ..
..........


You could see a centaur and a bat.

Vanquished Creatures
  4 crimson imps (D:3)
  A bullfrog skeleton (D:3)
  Terence (D:2)
  Jessica (D:3)
  4 adders
  A white imp (Abyss:1)
  An ooze (D:3)
  5 worms
  2 dart slugs
  2 leopard geckos
  5 ball pythons
  3 giant cockroaches
  4 goblins
  6 hobgoblins
  2 jackals (D:2)
  A quokka (D:3)
  4 bats
  3 frilled lizards
  6 kobolds
  11 rats
67 creatures vanquished.

Vanquished Creatures (others)
  14 toadstools (D:1)
14 creatures vanquished.

Grand Total: 81 creatures vanquished

Notes
Turn   | Place    | Note
-------+----------+-------------------------------------------
     0 | Abyss:1  | Curus the Hill Orc Abyssal Knight began the quest for the
                  | Orb.
     0 | Abyss:1  | Reached XP level 1. HP: 19/19 MP: 2/2
    20 | Abyss:1  | Reached XP level 2. HP: 15/26 MP: 4/4
   176 | Abyss:1  | Found an ornate altar of the Wu Jian Council.
   253 | Abyss:1  | Noticed a shadow
   262 | D:1      | Escaped the Abyss
   546 | D:1      | Reached * piety under Lugonu
   902 | D:1      | Found a shattered altar of Ashenzari.
  1140 | D:2      | Reached XP level 3. HP: 29/31 MP: 5/5
  1431 | D:2      | Found a sparkling altar of Nemelex Xobeh.
  1683 | D:2      | Reached XP level 4. HP: 31/39 MP: 7/7
  1754 | D:2      | Reached ** piety under Lugonu
  1787 | D:2      | Noticed Terence
  1810 | D:2      | Killed Terence
  2157 | D:3      | Reached skill level 5 in Axes
  2157 | D:3      | Reached skill level 5 in Invocations
  2157 | D:3      | Reached XP level 5. HP: 32/45 MP: 8/8
  2526 | D:3      | Found a burning altar of Makhleb.
  2526 | D:3      | Noticed a balrug
  2573 | D:3      | Found a shimmering altar of Xom.
  2587 | D:3      | Paralysed by a crimson imp for 5 turns
  2631 | D:3      | Reached XP level 6. HP: 48/51 MP: 10/10
  2667 | D:3      | Noticed Jessica
  2696 | D:3      | Killed Jessica
  3013 | D:3      | Shot with an arrow by a centaur

Illustrated notes

Levels and vault maps discovered:
D:1:      nagdon_arrival_zigzag_paths, layout_loops_ring,
          evilmike_ruin_ashenzari
D:2:      layout_loops_ring, nemelex_xobeh_ov_fountains_minmay, uniq_terence
D:3:      layout_rooms, led_xom_imps, makhleb_altar_promises_db,
          lemuel_zombie_altar_kikubaaqudgha, gup_sewer_entry_spiral,
          uniq_jessica, uniq_grinder

Skill      XL: |  1  2  3  4  5 |
---------------+----------------+-----
Axes           | 3 4 5 6 |  6.5
Invocations    | 3 4 5 6 |  6.4
Fighting       | |  3.6
Armour         | |  2.1
Dodging        | |  0.7

Action                   |  1- 3 |  4- 6 || total
-------------------------+-------+-------++-------
Melee: Hand axe          |   107 |       ||   107
       War axe           |    21 |   169 ||   190
Invok: Depart the Abyss  |     1 |       ||     1
  Use: Potion            |     2 |     2 ||     4
       Scroll            |     3 |     1 ||     4
  Eat: Chunk             |     3 |     3 ||     6
Armor: Leather armour    |     2 |       ||     2
       Chain mail        |    54 |       ||    54
       Ring mail         |     1 |       ||     1
       Plate armour      |    14 |   139 ||   153
Dodge: Dodged            |    33 |    35 ||    68
